 Dungeon Crawl Stone Soup version 0.18.1-6-gd335043 (webtiles) character file.

43 mindo the Chiller (level 3, -4/19 HPs)
             Began as a Deep Elf Ice Elementalist on May 20, 2016.
             Slain by Sigmund
             ... wielding a +0 scythe
              (13 damage)
             ... on level 2 of the Dungeon.
             The game lasted 00:07:21 (1084 turns).

mindo the Chiller (Deep Elf Ice Elementalist)       Turns: 1084, Time: 00:07:22

Health: -4/19      AC: 10    Str:  5    XL:     3   Next: 37%
Magic:  3/10       EV: 12    Int: 20    God:
Gold:   65         SH:  0    Dex: 15    Spells: 2 memorised, 5 levels left

rFire  . . .     SeeInvis .     r - +0 short sword
rCold  . . .     Gourm    .     j - +0 leather armour
rNeg   . . .     Faith    .     (no shield)
rPois  .         Spirit   .     (no helmet)
rElec  .         Dismiss  .     i - +0 cloak
rCorr  .         Reflect  .     (no gloves)
SustAt .         Harm     .     (no boots)
MR     .....                    (no amulet)
Stlth  ++........               (no ring)
                                (no ring)

@: icy armour, very slightly contaminated, slow, not resistant to hostile
enchantments, unstealthy
A: no striking features
a: no special abilities


You were on level 2 of the Dungeon.
You were not hungry.

You visited 1 branch of the dungeon, and saw 2 of its levels.

You collected 65 gold pieces.

Inventory:

Hand Weapons
 g - a +0 whip
 r - a +0 short sword (weapon)
Armour
 a - a +0 robe
 e - a cursed +0 scale mail
 i - a +0 cloak (worn)
 j - a +0 leather armour (worn)
Scrolls
 n - a scroll of enchant armour
 p - a scroll of teleportation {unknown}
Potions
 l - a potion of heal wounds {unknown}
 q - a potion of cancellation {unknown}
 s - a potion of magic {unknown}
Books
 b - a book of Frost

   Spells                             Type                      Level
   a - Freeze                         Ice                          1
   b - Throw Frost                    Conjuration/Ice              2
   c - Ozocubu's Armour               Charms/Ice                   3
   d - Throw Icicle                   Conjuration/Ice              4
   e - Summon Ice Beast               Ice/Summoning                4
Comestibles
 c - a bread ration
 k - 2 fruits


   Skills:
 + Level 0.4 Armour
 + Level 2.4 Dodging
 + Level 2.8 Stealth
 + Level 3.6 Spellcasting
   Level 1.1 Conjurations
 + Level 4.2 Ice Magic


You had 5 spell levels left.
You knew the following spells:

 Your Spells              Type           Power        Failure   Level  Hunger
a - Freeze                Ice            ###.         4%          1    None
b - Ozocubu's Armour      Chrm/Ice       ##......     28%         3    ###....


Dungeon Overview and Level Annotations

Branches:
Dungeon (2/15)

Altars:
Kikubaaqudgha

Annotations:
D:2 Sigmund


Message History

You finish eating.
That bread ration really hit the spot!
Casting: Ozocubu's Armour
Confirm with . or Enter, or press ? or * to list all spells.
Okay, then.
As you read the scroll labeled NAUCAU HEZEWK, it crumbles to dust.
It is a scroll of recharging.
You aren't carrying any rechargeable items.
Sigmund barely misses you.
As you read the scroll labeled ANOCVA LUGU, it crumbles to dust.
The dust glows pulsating cobalt blue!
It was a scroll of random uselessness.
Sigmund hits you but does no damage.
As you read the scroll labeled NIER UGROUNI, it crumbles to dust.
It is a scroll of identify.
Identify which item? (\ to view known items) (? for menu, Esc to quit)
n - a scroll of enchant armour
As you read the scroll labeled JAERRAFENK, it crumbles to dust.
You feel blessed for a moment.
It was a scroll of remove curse.
Sigmund hits you from afar with a scythe!
Ouch! That really hurt!
You die...

...... #...........#
......### #......†#####
......'.## #.......# #..#
#.......# ##.## #.......# #
###..###.......# #
#.....@........# #
#.##..#........#
##########.###.#@###...#####
.........#.###†#............
............................
.#.#######.#...†............
.#.# #....#.#.###...####.##
.#.# #.####...†.'..........
.#.# # #.......##...####.##
.#.# #.##.#..##...# .#.# #
...#..##...#


You could see Sigmund.

Vanquished Creatures
  An adder (D:2)
  2 dart slugs
  A giant gecko (D:1)
  A ball python (D:1)
  5 bats
  2 giant cockroaches (D:1)
  2 goblins
  3 hobgoblins
  3 giant newts
  6 kobolds
  5 rats
31 creatures vanquished.

Notes
Turn   | Place    | Note
--------------------------------------------------------------
     0 | D:1      | mindo the Deep Elf Ice Elementalist began the quest for the Orb.
     0 | D:1      | Reached XP level 1. HP: 10/10 MP: 6/6
   133 | D:1      | Reached XP level 2. HP: 11/15 MP: 4/8
   500 | D:1      | Reached skill level 4 in Ice Magic
   906 | D:2      | Found an ancient bone altar of Kikubaaqudgha.
   948 | D:2      | Reached XP level 3. HP: 19/19 MP: 7/10
   954 | D:2      | Learned a level 3 spell: Ozocubu's Armour
  1067 | D:2      | Noticed Sigmund
  1084 | D:2      | Slain by Sigmund

Skill      XL: |  1  2 |
---------------+-------+-----
Ice Magic      | 4 |  4.2
Armour         | |  0.4
Dodging        | |  2.4
Stealth        | |  2.8
Spellcasting   | |  3.6
Conjurations   | |  1.1

Action                   || total
-------------------------++-------
Melee: Whip              ||     3
 Cast: Freeze            ||    47
       Ozocubu's Armour  ||     1
  Use: Scroll            ||     4
       Potion            ||     1
  Eat: Bread ration      ||     1
Armor: Robe              ||     3
       Leather armour    ||     9
Dodge: Dodged            ||    36
